 Dungeon Crawl Stone Soup version 0.31-a0-963-ga325b2283a (webtiles) character file.

Game seed: 12217994719886262124

1533 Dordric the Mimic (level 8, 0/48 (53) HPs)
             Began as a Yellow Draconian Shapeshifter on Oct 25, 2023.
             Was a Follower of Hepliaklqana.
             Slain by a wight
             ... wielding a +2 halberd of freezing
              (4 damage)
             ... on level 6 of the Dungeon on Oct 26, 2023.
             The game lasted 00:07:45 (5197 turns).

Dordric the Mimic (Yellow Draconian Shapeshifter)   Turns: 5197, Time: 00:07:45

HP:   0/48 (53)     AC: 11    Str: 16    XL:     8   Next: 55%
MP:   8/8           EV: 12    Int: 11    God:    Hepliaklqana [*.....]
Gold: 268           SH:  0    Dex: 13    Spells: 7/7 levels left

rFire   + .          .
                       - Unarmed
rCold   . . .        (shield currently unavailable)
rNeg    . . .        (body armour unavailable)
rPois   .            (helmet restricted)
rElec   .            (no cloak)
rCorr   +            r - +0 pair of gloves
SInv    .            (no boots)
Will    .....        (no amulet)
Stlth   +            j - +4 ring of protection
HPRegen 0.28/turn    i - ring of protection from fire
MPRegen 0.11/turn

%: no passive effects
@: flux-form, glowing, drained
A: glow, contaminating, reduced essence, spit acid, AC +6, unfitting armour,
cold-blooded, acid resistance
a: Breathe Acid, Begin Untransformation, Renounce Religion, Recall Ancestor,
Ancestor Identity


You were on level 6 of the Dungeon.
You worshipped Hepliaklqana.
Hepliaklqana was aware of your devotion.
You were something dangerously unstable.
You visited 1 branch of the dungeon, and saw 6 of its levels.

You collected 268 gold pieces.

Inventory:

Missiles
 u - a throwing net
Armour
 r - a +0 pair of gloves (worn)
Jewellery
 i - a ring of protection from fire (right hand)
 j - a +4 ring of protection (left hand)
 z - a ring of wizardry
Talismans
 b - a beast talisman
 c - a flux talisman (active)
 s - a blade talisman
Wands
 l - a wand of flame (14)
 v - a wand of quicksilver (4)
Scrolls
 d - a scroll of fear {unknown}
 e - 2 scrolls of fog {unknown}
 g - 5 scrolls of identify {unknown}
 h - a scroll of enchant weapon {unknown}
 n - a scroll of revelation {unknown}
 o - 4 scrolls of noise {unknown}
 q - 2 scrolls of teleportation {unknown}
 y - a scroll of immolation {unknown}
Potions
 a - 3 potions of lignification
 f - a potion of heal wounds {unknown}
 k - a potion of ambrosia {unknown}
 m - 3 potions of mutation {unknown}
 p - 3 potions of attraction {unknown}
 t - a potion of curing {unknown}
 w - a potion of degeneration {unknown}
 x - a potion of brilliance {unknown}
 A - a potion of might {unknown}


   Skills:
 - Level 1.1 Fighting
 - Level 1.7 Dodging
 - Level 3.0 Unarmed Combat
 + Level 10.3 Shapeshifting


You had 7 spell levels left.
You didn't know any spells.
Your spell library contained the following spells:

 Spells                   Type           Power      Damage    Failure   Level
 Apportation              Tloc           0%         N/A       34%         1
 Jinxbite                 Hex            0%         N/A       47%         2
 Poisonous Vapours        Pois/Air       0%         N/A       47%         2
 Static Discharge         Conj/Air       0%         3-3/arc   47%         2
 Frozen Ramparts          Ice            0%         1d1       71%         3
 Mephitic Cloud           Conj/Pois/Air  0%         N/A       71%         3
 Airstrike                Air            0%         2d(0-16)  98%         4
 Petrify                  Tmut/Erth      0%         N/A       98%         4
 Summon Lightning Spire   Summ/Air       0%         N/A       98%         4
 Alistair's Intoxication  Tmut/Pois      0%         N/A       100%        5
 Freezing Cloud           Conj/Ice/Air   0%         6-21      100%        5
 Metabolic Englaciation   Hex/Ice        0%         N/A       100%        5


Dungeon Overview and Level Annotations

Branches:
Dungeon (6/15)             Temple (0/1) D:4

Altars:
Ashenzari
Hepliaklqana
Ru
The Shining One


Innate Abilities, Weirdness & Mutations

You are something dangerously unstable.
You glow with magical radiation, making you easy to see and hit.
Foes you strike become dangerously contaminated with magical radiation.
You are incapable of wielding weapons or throwing items.
Your life essence is reduced to manifest your ancestor. (-10% HP)
You can spit globs of acid.
Your golden yellow scales are hard. (AC +6)
You cannot fit into any form of body armour.
You are cold-blooded and may be slowed by cold attacks.
You are resistant to acid. (rCorr)


Message History

The wight hits you from afar with a +2 halberd of freezing!
* * * LOW HITPOINT WARNING * * *
You feel drained.
* * * LOW HITPOINT WARNING * * *
The wight freezes you.
* * * LOW HITPOINT WARNING * * *
You hit the ufetubus.
The ufetubus begins to glow.
The ufetubus is heavily wounded.
You feel yourself speed up.
The ufetubus hits you but does no damage.
The ufetubus barely misses you. x2
The ufetubus hits you but does no damage.
Septima misses the ufetubus.
The ufetubus barely misses you.
The ufetubus hits you but does no damage.
The wight hits you from afar with a +2 halberd of freezing.
* * * LOW HITPOINT WARNING * * *
You feel yourself slow down. The wight freezes you.
* * * LOW HITPOINT WARNING * * *
The wight hits you with a +5 halberd.
* * * LOW HITPOINT WARNING * * *
The ufetubus misses you. The ufetubus closely misses you.
Septima hits the ufetubus!
The ufetubus dies!
The ufetubus hits you but does no damage.
The ufetubus closely misses you. The wight attacks as it pursues you!
The wight misses you. The wight barely misses you.
Septima closely misses the ufetubus.
The ufetubus hits you but does no damage.
The ufetubus barely misses you. The wight closely misses you.
You feel yourself speed up.
You have got your breath back.
Septima misses the ufetubus.
The wight hits Septima with a +5 halberd!
The ufetubus hits you but does no damage.
The ufetubus barely misses you.
Septima closely misses the ufetubus.
The wight hits Septima with a +5 halberd!
Septima is destroyed!
The wight attacks as it pursues you!
The wight hits you from afar with a +2 halberd of freezing.
You die...

#..# #..# ###
####..####### .<.
..##........# ..#
#.##.######.# ..#
#.##.# #.# #.##
#.##.# #.# #..#
#.##.# #)#
#..###.##.# #p#
#....#....# #5#
#.##.).#########z#
#.##))>#.........#
#.##)#<#.#.....z.#
#.##)#.# #.#####.#
..##.#.. #.#
####.#.## #.#
#.#.. #!#


You could see 2 wights and an ufetubus.

Vanquished Creatures
  Grinder (D:3)
  An orc warrior (D:6)
  An ice beast (D:6)
  An ogre (D:4)
  2 scorpions (D:5)
  3 wights (D:6)
  2 hounds
  A jelly (D:4)
  3 orc priests
  Crazy Yiuf (D:5)
  A gnoll bouda (D:6)
  Terence (D:3)
  2 iguanas
  2 orc wizards
  2 gnolls (D:6)
  8 adders
  A dart slug (D:5)
  11 orcs
  5 bats
  4 endoplasms
  2 giant cockroaches
  2 goblins
  8 hobgoblins
  6 jackals
  8 quokkas
  7 ball pythons
  2 frilled lizards
  5 kobolds
  A rat (D:3)
94 creatures vanquished.

Vanquished Creatures (collateral kills)
  An ice beast (D:5)
  An orc priest (D:6)
  A sleepcap (D:6)
  2 orc wizards (D:6)
  An iguana (D:5)
  A gnoll (D:6)
  An ufetubus (D:6)
  2 orcs (D:6)
10 creatures vanquished.

Vanquished Creatures (others)
  2 ancestors (D:6)
2 creatures vanquished.

Grand Total: 106 creatures vanquished

Notes
Turn   | Place    | Note
-------+----------+-------------------------------------------
     0 | D:1      | Dordric the Draconian Shapeshifter began the quest for the
                  | Orb.
     0 | D:1      | Reached XP level 1. HP: 16/16 MP: 1/1
   243 | D:1      | Reached XP level 2. HP: 23/23 MP: 2/2
   702 | D:1      | Reached skill level 4 in Shapeshifting
   994 | D:2      | Reached XP level 3. HP: 19/28 MP: 3/3
  1037 | D:2      | You fall into a shaft and drop 2 floors!
  1963 | D:2      | Reached XP level 4. HP: 27/35 MP: 4/4
  2364 | D:3      | Found a hazy altar of Hepliaklqana.
  2398 | D:3      | Reached skill level 5 in Shapeshifting
  2510 | D:3      | Became a worshipper of Hepliaklqana the Forgotten
  2541 | D:3      | Noticed Grinder
  2554 | D:3      | Paralysed by Grinder for 5 turns
  2565 | D:3      | Killed Grinder
  2566 | D:3      | Reached skill level 6 in Shapeshifting
  2566 | D:3      | Reached XP level 5. HP: 21/40 MP: 5/5
  2566 | D:3      | Reached XP level 6. HP: 25/47 MP: 6/6
  2663 | D:3      | Identified the -1 cloak of the Journeyman {Int+2}
  2776 | D:3      | Noticed Terence
  2781 | D:3      | Killed Terence
  3210 | D:3      | Found a faded altar of an unknown god.
  3210 | D:3      | Found a sacrificial altar of Ru.
  3218 | D:3      | Found a faded altar of an unknown god.
  3220 | D:3      | Found a glowing golden altar of the Shining One.
  3222 | D:3      | Found a broken altar of Ashenzari.
  3382 | D:4      | Reached skill level 7 in Shapeshifting
  3630 | D:4      | Your scales start taking on a golden yellow colour.
  3630 | D:4      | Reached XP level 7. HP: 37/52 MP: 7/7
  3630 | D:4      | Gained mutation: You are resistant to acid. (rCorr) [Yellow
                  | Draconian growth]
  3792 | D:4      | Found a staircase to the Ecumenical Temple.
  3878 | D:5      | Entered Level 5 of the Dungeon
  3976 | D:5      | Reached skill level 8 in Shapeshifting
  4168 | D:5      | Reached * piety under Hepliaklqana
  4380 | D:5      | Found a runed translucent door.
  4381 | D:5      | Noticed Crazy Yiuf
  4555 | D:5      | Killed Crazy Yiuf
  4719 | D:6      | Reached skill level 9 in Shapeshifting
  4719 | D:6      | Reached XP level 8. HP: 51/53 MP: 8/8
  5088 | D:6      | Reached skill level 10 in Shapeshifting
  5197 | D:6      | Slain by a wight

Illustrated notes

Levels and vault maps discovered:
D:1:      minmay_arrival_floating_metal, layout_basic
D:2:      layout_loops_corners
D:3:      layout_basic, mainiacjoe_overflow_six_doors_small,
          chequers_temple_overflow_minitemple, minmay_misc_feat_enclosed,
          uniq_terence, uniq_grinder
D:4:      layout_basic, minmay_temple_entry_arrows
D:5:      layout_cave_pools, serial_column_ruins, column_ruins_square_medium,
          column_ruins_columns_straight, column_ruins_grid_3,
          column_ruins_columns_dead_end, nicolae_underground_beach,
          uniq_crazy_yiuf_cottage
D:6:      layout_basic, uniq_maggie, uniq_menkaure, uniq_sigmund

Skill      XL: |  1  2  3  4  5  6  7  8 |
---------------+-------------------------+-----
Shapeshifting  | 4 6 7 9 10 | 10.3
Fighting       | |  1.1
Dodging        | |  1.7
Unarmed Combat | |  3.0

Action                     |  1- 3 |  4- 6 |  7- 9 || total
---------------------------+-------+-------+-------++-------
  Melee: Unarmed           |   147 |    83 |    95 ||   325
         Tailslap          |     9 |    10 |    22 ||    41
         Punch             |     2 |       |       ||     2
Ability: Breathe Acid      |       |       |    14 ||    14
  Evoke: Wand              |       |     4 |       ||     4
   Stab: Sleeping          |     1 |       |       ||     1
 Armour: Skin              |    83 |    47 |    67 ||   197
  Dodge: Dodged            |    88 |    44 |    59 ||   191
   Form: Flux              |       |     1 |       ||     1

Table legend: (Time is in decaauts)
 A = Elapsed time spent in this place.
 B = Non-inter-level travel time spent in this place.
 C = Inter-level travel time spent in this place.
 D = Time resting spent in this place.
 E = Time spent auto-exploring this place.
 F = Levels seen in this place.
 G = Mean time per level.
                   A        B        C        D        E       F      G
               +--------+--------+--------+--------+--------+-----+--------+
         Total |   5181 |   4920 |    261 |      0 |   4044 |   6 |  863.5 |
       Dungeon |   5181 |   4920 |    261 |      0 |   4044 |   6 |  863.5 |
               +--------+--------+--------+--------+--------+-----+--------+

Top non-repeatable levels by time:
     D:2: 1226 daAuts
     D:3: 1001 daAuts
     D:1: 909 daAuts
     D:5: 770 daAuts
     D:4: 742 daAuts
     D:6: 531 daAuts
